 Dungeon Crawl Stone Soup version 0.28-a0-413-gde365fb1df (webtiles) character file.

Game seed: 14828488794792960811

7156 Froggeryz the Thaumaturge (level 11, -3/71 HPs)
             Began as a Djinni Hedge Wizard on Sept 7, 2021.
             Was an Initiate of Gozag.
             Slain by an ice devil (15 damage)
             ... in an ice cave.
             The game lasted 00:15:51 (14805 turns).

Froggeryz the Thaumaturge (Djinni Hedge Wizard)    Turns: 14805, Time: 00:15:52

Health: -3/71      AC:  6    Str:  9    XL:     11   Next: 32%
Gold:   575        EV: 19    Int: 19    God:    Gozag SH:  0 Dex: 15

rFire   + + .      SeeInvis +   m - +3 whip "Veyr" {freeze, Int+2 SInv}
rCold   . . .      Faith    .   (no shield)
rNeg    . . .      Spirit   .   a - +2 leather armour {rC+}
rPois   ∞          Reflect  .   c - +0 hat
rElec   .          Harm     .   i - +0 cloak
rCorr   .          Rampage  .   (no gloves)
Will    +....                   (boots unavailable)
Stlth   ++........              (no amulet)
HPRegen 0.21/turn               f - +4 ring of evasion
MPRegen 0.00/turn               (no ring)

@: gold aura, flying
A: sickness immunity, fire resistance 2, cold vulnerability 1, float, innate
caster, hp casting, extra vitality 1
a: Renounce Religion, Potion Petition, Call Merchant, Bribe Branch


You were in an ice cave.
You worshipped Gozag.
Gozag was pleased with you.
You visited 3 branches of the dungeon, and saw 11 of its levels.
You also visited: Ossuary and Ice Cave.

You collected 1158 gold pieces.
You spent 24 gold pieces at shops.
You paid 559 gold pieces to Gozag.

Inventory:

Hand Weapons
 m - the +3 whip "Veyr" (weapon) {freeze, Int+2 SInv}
   (You found it on level 8 of the Dungeon)

   It freezes those it strikes, dealing additional cold damage.
   It can also slow down cold-blooded creatures.
   Int:       It affects your intelligence (+2).
   SInv:      It lets you see invisible.
Armour
 a - a +2 leather armour of cold resistance (worn)
 c - a +0 hat (worn)
 i - a +0 cloak (worn)
Jewellery
 f - a +4 ring of evasion (left hand)
 h - a +4 ring of evasion
Wands
 k - a wand of acid (5)
 w - a wand of polymorph (30)
Scrolls
 e - 2 scrolls of teleportation
 j - 2 scrolls of holy word
 l - 3 scrolls of immolation
 s - 5 scrolls of enchant armour
 v - a scroll of fog
Potions
 b - 2 potions of attraction {unknown}
 d - 12 potions of curing
 g - a potion of heal wounds {unknown}
 n - a potion of cancellation {unknown}
 o - 3 potions of resistance {unknown}
 p - 4 potions of lignification {unknown}
 q - a potion of haste {unknown}
 r - 3 potions of mutation {unknown}
 t - 2 potions of degeneration {unknown}
 u - 2 potions of magic {unknown}


   Skills:
 - Level 3.0 Fighting
 + Level 8.3 Dodging
 - Level 1.5 Stealth
 * Level 11.5 Spellcasting


You had 6 spell levels left.
You knew the following spells:

 Your Spells              Type           Power      Damage    Failure   Level
a - Magic Dart            Conj           100%       1d8       1%          1
b - Blink                 Tloc           N/A        N/A       1%          2
c - Call Imp              Summ           53%        N/A       1%          2
d - Slow                  Hex            53%        N/A       1%          2
e - Conjure Flame         Conj/Fire      53%        6-21      1%          3
f - Mephitic Cloud        Conj/Pois/Air  53%        N/A       1%          3
g - Pain                  Necr           100%       1d9       1%          1
h - Scorch                Fire           100%       2d10      1%          2
i - Corpse Rot            Necr/Air       N/A        N/A       1%          2
j - Passage of Golubria   Tloc           N/A        N/A       1%          4
k - Lee's Rapid Deconstr  Erth           26%        3d15*     2%          5
Your spell library was empty.

Dungeon Overview and Level Annotations

Branches:
Dungeon (8/15)             Temple (1/1) D:6            Lair (2/6) D:8
Ossuary (visited)           IceCv (1/1)
  Swamp: Lair:2-4    Shoals: Lair:2-4     Snake: Lair:2-4    Spider: Lair:2-4

Altars:
Ashenzari
Cheibriados
Dithmenos
Elyvilon
Fedhas
Gozag
Hepliaklqana
Kikubaaqudgha
Makhleb
Nemelex Xobeh
Okawaru
Qazlal
Ru
Sif Muna
Trog
Uskayaw
Vehumet
Wu Jian
Xom
Yredelemnul
Zin
The Shining One

Shops:
Lair:1 *

Annotations:
D:5 1 runed translucent door, Maize's ghost, novice MiBe


Innate Abilities, Weirdness & Mutations

You are immune to sickness and miasma.
You are immune to poison.
Your flesh is very heat resistant. (rF++)
You are vulnerable to cold. (rC-)
You float through the air rather than walking.
You learn spells naturally, not from books.
Your magical power is your life essence.
You have superior vitality. (+4 HP)


Message History

There is an ice covered gate leading back out of this place here.
Casting: Lee's Rapid Deconstruction (dangerous; 2% risk of failure)
Confirm with . or Enter, or press ? or * to list all spells.
Flames lash the ice devil.
The ice devil is burned terribly!
The ice devil is heavily wounded.
The ice devil's fire resistance burns away.
Your crimson imp hits the ice devil.
Casting: Scorch (safe; 1% risk of failure)
Confirm with . or Enter, or press ? or * to list all spells.
Flames lash the ice devil.
The ice devil is burned terribly!
The ice devil is heavily wounded.
The wolf simulacrum bites your crimson imp but does no damage.
An ice devil comes into view.
The wolf simulacrum bites your crimson imp.
The wolf simulacrum freezes your crimson imp!
Your crimson imp is frozen!
Your crimson imp dies!
Your crimson imp disappears in a puff of smoke!
The ice devil is distracted by your dazzling golden aura.
Casting: Scorch (safe; 1% risk of failure)
Confirm with . or Enter, or press ? or * to list all spells.
Flames lash the ice devil.
The ice devil is burned terribly!
The ice devil is no longer distracted by gold.
The ice devil is severely wounded.
Casting: Scorch (safe; 1% risk of failure)
Confirm with . or Enter, or press ? or * to list all spells.
Flames lash the wolf simulacrum.
The wolf simulacrum melts!
The wolf simulacrum vaporises!
An ice devil comes into view.
The ice devil hits you! The ice devil freezes you!
Casting: Scorch (safe; 1% risk of failure)
Confirm with . or Enter, or press ? or * to list all spells.
Flames lash the ice devil but do no damage.
* * * LOW HITPOINT WARNING * * *
The ice devil hits you but does no damage.
The ice devil hits you!
* * * LOW HITPOINT WARNING * * *
The ice devil freezes you!
You die...
Your body crumbles into a pile of gold.

#####
##...##
##.....##
#...∩...#
#...@...#
##..4..##
##○$$##
#.4.#
...##
#..4#
##...
#...


You could see 3 ice devils.

Vanquished Creatures
  A hydra (Lair:1)
  Joseph (D:7)
  A cane toad (Lair:1)
  A komodo dragon (Lair:1)
  A hornet (D:8)
  A basilisk (Lair:1)
  5 yaks (Lair:1)
  Eustachio (D:4)
  Menkaure (D:7)
  4 water moccasins
  An ice beast (D:8)
  12 wolves
  2 necrophages
  2 centaurs
  4 ogres
  4 bullfrogs
  2 two-headed ogre simulacra (IceCv)
  A scorpion (D:6)
  An elephant simulacrum (IceCv)
  3 wights (D:8)
  An electric eel (D:8)
  A bullfrog zombie (D:6)
  3 centaur skeletons
  9 hounds
  2 orc priests
  2 bullfrog skeletons
  A gnoll shaman (D:5)
  A jelly (D:5)
  2 iguanas
  3 orc wizards
  A scorpion zombie (D:5)
  A wolf simulacrum (IceCv)
  A hound skeleton (D:4)
  8 mummies (Ossuary)
  8 gnolls
  10 adders
  A white imp (D:6)
  An ufetubus (D:6)
  An adder skeleton (D:4)
  A worm (D:4)
  3 dart slugs
  28 orcs
  7 ball pythons
  12 endoplasms
  2 giant cockroaches
  7 goblins
  7 hobgoblins
  7 jackals
  3 quokkas
  5 bats
  3 frilled lizards
  3 gnoll zombies (Ossuary)
  3 hobgoblin zombies (Ossuary)
  8 kobolds
  A kobold zombie (Ossuary)
  An orc zombie (Ossuary)
  7 rats
  2 butterflies (D:6)
216 creatures vanquished.

Vanquished Creatures (collateral kills)
  A troll (D:8)
  An orc warrior (D:7)
  A kobold brigand (D:8)
  3 orcs (D:8)
6 creatures vanquished.

Grand Total: 222 creatures vanquished

Notes
Turn   | Place    | Note
-------+----------+-------------------------------------------
     0 | D:1      | Froggeryz the Djinni Hedge Wizard began the quest for the
                  | Orb.
     0 | D:1      | Reached XP level 1. HP: 15/15 MP: 0/0
   228 | D:1      | Reached XP level 2. HP: 16/22 MP: 0/0
   598 | D:1      | Reached skill level 1 in Fighting
   800 | D:1      | Reached XP level 3. HP: 21/27 MP: 0/0
   800 | D:1      | Learned a level 1 spell: Pain
   891 | D:1      | Reached skill level 3 in Spellcasting
  1968 | D:2      | Reached XP level 4. HP: 23/32 MP: 0/0
  3113 | D:3      | Reached XP level 5. HP: 28/38 MP: 0/0
  3113 | D:3      | Learned a level 2 spell: Scorch
  3427 | D:3      | Found a faded altar of an unknown god.
  3878 | D:4      | Reached skill level 4 in Spellcasting
  4189 | D:4      | Noticed Eustachio
  4205 | D:4      | Found a sand-covered staircase.
  4210 | Ossuary  | Entered an ossuary
  4273 | Ossuary  | Reached XP level 6. HP: 18/45 MP: 0/0
  5477 | D:4      | Reached skill level 5 in Spellcasting
  5500 | D:4      | Reached XP level 7. HP: 26/50 MP: 0/0
  5500 | D:4      | Learned a level 2 spell: Corpse Rot
  5706 | D:4      | Killed Eustachio
  5868 | D:4      | Identified the +5 scale mail "Damnable Contraption" {Int-5
                  | Dex+9 Stlth+}
  6168 | D:5      | Entered Level 5 of the Dungeon
  6178 | D:5      | Reached skill level 6 in Spellcasting
  6363 | D:5      | Reached XP level 8. HP: 43/56 MP: 0/0
  6809 | D:5      | Reached skill level 7 in Spellcasting
  6977 | D:5      | Found a runed translucent door.
  6978 | D:5      | Noticed Maize's ghost (novice MiBe)
  7708 | D:6      | Reached skill level 8 in Spellcasting
  7739 | D:6      | Reached XP level 9. HP: 49/60 MP: 0/0
  7739 | D:6      | Learned a level 4 spell: Passage of Golubria
  8365 | D:6      | Found a staircase to the Ecumenical Temple.
  8375 | Temple   | Entered the Ecumenical Temple
  8672 | Temple   | Became a worshipper of Gozag Ym Sagoz the Greedy
  8730 | D:6      | Found a shimmering altar of Xom.
  9242 | D:7      | Noticed Menkaure
  9249 | D:7      | Killed Menkaure
  9604 | D:7      | Noticed Joseph
  9690 | D:7      | Killed Joseph
  9691 | D:7      | Reached skill level 9 in Spellcasting
 10920 | D:8      | Identified the +3 whip "Veyr" {freeze, Int+2 SInv}
 11010 | D:8      | Reached XP level 10. HP: 52/67 MP: 0/0
 11237 | D:8      | Reached skill level 5 in Dodging
 11455 | D:8      | Found a staircase to the Lair.
 12089 | D:8      | Reached skill level 10 in Spellcasting
 12835 | Lair:1   | Entered Level 1 of the Lair of Beasts
 12911 | Lair:1   | Noticed a komodo dragon
 13241 | Lair:1   | Killed a komodo dragon
 13586 | Lair:1   | Noticed a five-headed hydra
 13640 | Lair:1   | Killed a five-headed hydra
 13641 | Lair:1   | Reached skill level 11 in Spellcasting
 13641 | Lair:1   | Reached XP level 11. HP: 48/71 MP: 0/0
 13641 | Lair:1   | Learned a level 5 spell: Lee's Rapid Deconstruction
 13657 | Lair:1   | Bought a scroll of identify for 24 gold pieces
 14775 | Lair:2   | Found a frozen archway.
 14788 | IceCv    | Entered an ice cave
 14805 | IceCv    | Slain by an ice devil

Illustrated notes

Levels and vault maps discovered:
D:1:      dpeg_arrival_more_subterranean_lakeside_camping, layout_basic,
          serial_park_tiny_2
D:2:      layout_basic
D:3:      layout_basic, shapermc_ecumenical_altar_mp_urbaneastern
D:4:      minmay_angry_zag, layout_basic, enter_ossuary_2, uniq_eustachio
D:5:      layout_loops_cross, ebering_ghost_reflecting_pool,
          corexii_leaking_fountain
D:6:      layout_loops_ring, xom_butterflies,
          minmay_temple_entry_drinking_statues
D:7:      layout_cave_pools, uniq_joseph, uniq_menkaure
D:8:      layout_layer_cave, erik_lair_island
Temple:   roderic_octagonal_lattice_temple
Lair:1:   layout_big_grid, grunt_megastairs_2
Lair:2:   layout_roguey, portal_ice_cave_entry_pillars_2, kennysheep_rathole
IceCv:    ice_cave_tombish

Skill      XL: |  1  2  3  4  5  6  7  8  9 10 11 |
---------------+----------------------------------+-----
Fighting       | 1 2 3 |  3.0
Spellcasting   | 3 4 5 6 8 9 11 | 11.5
Dodging        | 4 7 8 |  8.3
Stealth        | |  1.5

Action                   |  1- 3 |  4- 6 |  7- 9 | 10-12 || total
-------------------------+-------+-------+-------+-------++-------
Melee: Dagger            |     5 |    30 |    18 |       ||    53
       Whip              |       |       |     1 |     4 ||     5
 Cast: Magic Dart        |   102 |    56 |    12 |     3 ||   173
       Scorch            |       |    82 |   152 |   107 ||   341
       Corpse Rot        |       |       |     1 |       ||     1
       Call Imp          |       |       |     4 |    13 ||    17
       Blink             |       |       |       |     5 ||     5
       Mephitic Cloud    |       |       |       |     5 ||     5
       Slow              |       |       |       |     3 ||     3
       Lee's Rapid Decon |       |       |       |     3 ||     3
Invok: Call Merchant     |       |       |       |     1 ||     1
Evoke: Wand              |       |       |       |     4 ||     4
  Use: Scroll            |       |     6 |     4 |     5 ||    15
       Potion            |       |       |       |     1 ||     1
 Stab: Sleeping          |     1 |     1 |       |       ||     2
Armor: Robe              |     8 |     2 |     1 |       ||    11
       Leather armour    |       |       |    16 |    13 ||    29
Dodge: Dodged            |    35 |    69 |    78 |    59 ||   241

Table legend: (Time is in decaauts)
 A = Elapsed time spent in this place.
 B = Non-inter-level travel time spent in this place.
 C = Inter-level travel time spent in this place.
 D = Time resting spent in this place.
 E = Time spent auto-exploring this place.
 F = Levels seen in this place.
 G = Mean time per level.
                   A        B        C        D        E       F      G
               +--------+--------+--------+--------+--------+-----+--------+
         Total |  14812 |  14551 |    261 |   2541 |  10482 |  13 | 1139.4 |
       Dungeon |  12370 |  12187 |    183 |   2306 |   8761 |   8 | 1546.2 |
        Temple |    313 |    266 |     47 |      0 |    243 |   1 |  313.0 |
          Lair |   1397 |   1366 |     31 |      0 |   1115 |   2 |  698.5 |
       Ossuary |    713 |    713 |      0 |    233 |    363 |   1 |  713.0 |
      Ice Cave |     16 |     16 |      0 |      2 |      0 |   1 |   16.0 |
               +--------+--------+--------+--------+--------+-----+--------+

Top non-repeatable levels by time:
     D:8: 2793 daAuts
     D:5: 1863 daAuts
     D:1: 1673 daAuts
     D:4: 1596 daAuts
     D:2: 1413 daAuts
  Lair:1: 1344 daAuts
     D:7: 1318 daAuts
     D:6: 939 daAuts
     D:3: 770 daAuts
 Ossuary: 713 daAuts
  Temple: 313 daAuts
  Lair:2: 52 daAuts
   IceCv: 16 daAuts
